 Dungeon Crawl Stone Soup version 0.20-a0-1020-g7b9e4fe (webtiles) character file.

214 Gorglomux the Poker (level 5, -5/45 HPs)
             Began as a Draconian Chaos Knight on Apr 18, 2017.
             Killed by divine providence
             ... invoked by an orc priest
              (16 damage)
             ... on level 4 of the Dungeon.
             The game lasted 00:05:33 (2621 turns).

Gorglomux the Poker (Draconian Chaos Knight)        Turns: 2621, Time: 00:05:35

Health: -5/45      AC:  6    Str: 14    XL:     5   Next: 59%
Magic:  5/5        EV: 12    Int: 13    God:    Xom [.*....]
Gold:   68         SH:  0    Dex: 11    Spells: 4/4 levels left

rFire    . . .     SeeInvis .   p - +3 quarterstaff (chaos)
rCold    . . .     Gourm    .   (shield currently unavailable)
rNeg     . . .     Faith    .   (armour unavailable)
rPois    .         Spirit   .   (helmet restricted)
rElec    .         Reflect  .   k - +0 cloak
rCorr    .         Harm     .   (no gloves)
MR       .....                  (no boots)
Stlth    +.........             (no amulet)
Regen    0.2/turn               (no ring)
MPRegen  0.1/turn               (no ring)

@: no status effects
A: unfitting armour, cold-blooded, AC +5
a: Renounce Religion


You were on level 4 of the Dungeon.
You worshipped Xom.
You were a plaything of Xom.
You were hungry.

You visited 1 branch of the dungeon, and saw 4 of its levels.

You collected 68 gold pieces.

Inventory:

Hand Weapons
 a - a +0 spear of chaos
 p - a +3 quarterstaff of chaos (weapon)
   (You took it off Crazy Yiuf on level 2 of the Dungeon)
Armour
 k - a +0 cloak (worn)
   (You took it off Crazy Yiuf on level 2 of the Dungeon)
Scrolls
 d - a scroll of identify
 e - a scroll of fear
 h - 2 scrolls of remove curse
 i - a scroll of enchant armour {unknown}
 j - a scroll of teleportation {unknown}
 l - a scroll of random uselessness {unknown}
 n - a scroll of fog {unknown}
Potions
 c - a potion of berserk rage {!q}
 o - 3 potions of lignification {!q}
Comestibles
 b - 4 bread rations {@e1@e1}
 f - 2 fruits
 g - a royal jelly
 m - 2 meat rations {@e2@e2}
 q - 9 chunks of flesh {@w0@w0}


   Skills:
 - Level 3.2 Fighting
 - Level 5.1(5.6) Polearms
 + Level 3.5(4.8) Staves
 - Level 2.1 Dodging


You had 4 spell levels left.
You didn't know any spells.

Dungeon Overview and Level Annotations

Branches:
Dungeon (4/15)
 Temple: D:4-7

Altars:
Gozag
Hepliaklqana

Shops:
D:3 *

Annotations:
D:3 exclusion: 4 doors


Innate Abilities, Weirdness & Mutations

Your plain brown scales are hard. (AC +5)
You cannot fit into any form of body armour.
You are cold-blooded and may be slowed by cold attacks.


Message History

No target in view!
Things that are here:
a hand axe; a ring mail Partly explored, can't reach some places.
No target in view!
Partly explored, can't reach some places.
No target in view!
No target in view!
No target in view!
(D) Dungeon
Where to? (Enter - D:3, ? - help)
Things that are here:
a hand axe; a ring mail The rat is too close now for your liking.
The rat closely misses you.
You closely miss the rat. The rat closely misses you.
You hit the rat.
You kill the rat!
No target in view!
No target in view!
You see here a rat corpse.
You butcher the rat corpse.
q - 9 chunks of flesh {@w0@w0} (gained 1)
You see here a rat skeleton.
(D) Dungeon
Where to? (Enter - D:4, ? - help)
Okay, then.
Unknown command.
As you read the scroll labeled JOTYTE LODUA, it crumbles to dust.
It is a scroll of identify.
o - 3 potions of lignification
As you read the scroll of identify, it crumbles to dust.
c - a potion of berserk rage
As you read the scroll labeled TEULIT DEMMILO, it crumbles to dust.
You feel blessed for a moment.
It was a scroll of remove curse.
Unknown command.
As you read the scroll labeled MUONO OTZOAWK, it crumbles to dust.
You assume a fearsome visage.
Nothing appears to happen.
It was a scroll of fear.
Unknown command.
(D) Dungeon
Where to? (Enter - D:4, ? - help)
You see here a stone.
There is a stone staircase leading down here.
You climb downwards.
There is a stone staircase leading up here. 2 orc priests and an orc wizard come into view.
You are feeling hungry.
The orc priest shouts!
The orc wizard shouts!
There are monsters nearby!
There are monsters nearby!
An orc comes into view. It is wielding a hand axe.
The orc priest shouts!
The orc priest calls down the wrath of Beogh upon you.
Pain shoots through your body!
The orc priest calls down the wrath of Beogh upon you.
Beogh smites you!
You take 10 damage, and have 35/45 hp.
MASSIVE DAMAGE!!
The orc wizard points at you and mumbles some strange words.
The magic dart hits you!
You take 6 damage, and have 29/45 hp.
The orc wizard hits you with a dagger. The orc priest hits you with a war axe!
You take 11 damage, and have 18/45 hp.
MASSIVE DAMAGE!!
The orc shouts!
You sock the orc priest!
The orc priest looks as sick as possible!
You kill the orc priest!
The orc priest barely misses you.
The orc wizard hits you but does no damage.
You barely miss the orc priest.
You tail-slap the orc priest, but do no damage.
The orc priest hits you with a club.
* * * LOW HITPOINT WARNING * * *
The orc wizard barely misses you. The orc closely misses you.
You take 6 damage, and have 13/45 hp.
You barely miss the orc priest.
You tail-slap the orc priest, but do no damage.
The orc priest hits you but does no damage.
The orc wizard barely misses you. The orc barely misses you.
You thump the orc priest! You drain the orc priest!
The orc wizard gestures wildly while chanting.
The orc wizard seems to speed up.
The orc priest closely misses you. The orc barely misses you.
You hit the orc priest but do no damage. "This might be better!"
The orc priest suddenly seems more agile.
The orc wizard barely misses you. The orc priest closely misses you.
The orc wizard hits you with a dagger.
* * * LOW HITPOINT WARNING * * *
The orc barely misses you.
You take 2 damage, and have 11/45 hp.
You closely miss the orc priest.
Your tail-slap misses the orc priest.
The orc wizard mumbles some strange words.
The orc wizard blinks!
The orc priest calls down the wrath of Beogh upon you.
Beogh smites you!
You die...
Xom chuckles heartily!

#..# #..# #..#
#..# #..# #..#
#oo# #ยง@# #).#
#..#######
#........#
##.#####.##
#.####...##.##
#o......<....#
######...##.....
##.## ....


You could see an orc priest, an orc wizard and an orc.

Vanquished Creatures
  An orc priest (D:4)
  An orc wizard (D:3)
  Crazy Yiuf (D:2)
  Robin (D:3)
  3 adders
  2 oozes (D:3)
  6 dart slugs
  3 orcs (D:3)
  A giant cockroach (D:3)
  7 goblins
  8 hobgoblins
  7 jackals
  5 kobolds
  3 quokkas
  A ball python (D:3)
  8 bats
  3 frilled lizards
  7 rats
68 creatures vanquished.

Notes
Turn   | Place    | Note
-------+----------+-------------------------------------------
     0 | D:1      | Gorglomux the Draconian Chaos Knight began the quest for the Orb.
     0 | D:1      | Reached XP level 1. HP: 19/19 MP: 1/1
   185 | D:1      | Reached XP level 2. HP: 26/26 MP: 2/2
   402 | D:1      | XOM: divination: detect items
   774 | D:2      | Reached skill level 4 in Polearms
   780 | D:2      | Reached XP level 3. HP: 27/31 MP: 3/3
   938 | D:2      | Found a runed door.
  1302 | D:2      | Noticed Crazy Yiuf
  1330 | D:2      | XOM: noise
  1369 | D:2      | XOM: enchant monster (bad)
  1376 | D:2      | HP: 3/31 [something (9)]
  1409 | D:2      | XOM: harmless Air miscast
  1410 | D:2      | HP: 2/31 [Crazy Yiuf/quarterstaff of chaos (5)]
  1418 | D:2      | XOM: summons friendly crimson imp
  1460 | D:2      | Killed Crazy Yiuf
  1460 | D:2      | Reached skill level 5 in Polearms
  1460 | D:2      | Reached XP level 4. HP: 8/38 MP: 4/4
  1747 | D:3      | XOM: smoke on damage
  1857 | D:3      | Noticed Robin
  1862 | D:3      | Reached skill level 1 in Staves
  1868 | D:3      | Killed Robin
  1898 | D:3      | XOM: polymorph ooze -> killer bee
  1957 | D:3      | Reached skill level 2 in Staves
  2092 | D:3      | Reached XP level 5. HP: 43/45 MP: 5/5
  2348 | D:3      | Found a hazy altar of Hepliaklqana.
  2421 | D:3      | Found Gozag's Platinum Reserve.
  2427 | D:3      | Reached skill level 3 in Staves
  2436 | D:3      | Found an opulent altar of Gozag.
  2455 | D:3      | XOM: medium Ice miscast
  2620 | D:4      | XOM: enchant monster (bad)
  2620 | D:4      | HP: 11/45 [orc wizard/dagger (2)]
  2621 | D:4      | Killed from afar by an orc priest

Vault maps used:
D:1:      dpeg_arrival_windows_large_door, st_stairs_1
D:2:      uniq_crazy_yiuf_cottage
D:3:      lemuel_crystal_altar, nicolae_gozag_zags_fifth_avenue, uniq_robin
D:4:      uniq_natasha

Skill      XL: |  1  2  3  4  5 |
---------------+----------------+-----
Polearms       | 4 5 |  5.1
Staves         | 2 3 |  3.5
Fighting       | |  3.2
Dodging        | |  2.1

Action                   |  1- 3 |  4- 6 || total
-------------------------+-------+-------++-------
Melee: Spear             |   114 |       ||   114
       Tailslap          |     7 |     6 ||    13
       Quarterstaff      |       |    85 ||    85
  Use: Scroll            |       |     4 ||     4
 Stab: Sleeping          |     3 |     2 ||     5
  Eat: Chunk             |     1 |     4 ||     5
Armor: Skin              |    18 |    22 ||    40
Dodge: Dodged            |    51 |    60 ||   111

Vault maps used:
D:1:      dpeg_arrival_windows_large_door, st_stairs_1
D:2:      uniq_crazy_yiuf_cottage
D:3:      lemuel_crystal_altar, nicolae_gozag_zags_fifth_avenue, uniq_robin
D:4:      uniq_natasha

Table legend:
 A = Turns spent in this place as a percentage of turns spent in the entire game.
 B = Non-inter-level travel turns spent in this place as a percentage of non-inter-level travel turns spent in the entire game.
 C = Inter-level travel turns spent in this place as a percentage of turns spent in this place.
 D = Turns resting spent in this place as a percentage of non-inter-level travel turns spent in this place.
 E = Turns spent auto-exploring this place as a percentage of non-inter-level travel turns spent in this place.
 F = Non-inter-level travel turns spent in this place divided by the number of levels of this place that you've seen.
                   A       B       C       D       E      F
               +-------+-------+-------+-------+-------+----------------------
         Total | 100.0 | 100.0 |   0.4 |   0.8 |   8.9 | 248.0
       Dungeon | 100.0 | 100.0 |   0.4 |   0.8 |   8.9 | 248.0
               +-------+-------+-------+-------+-------+----------------------

Table legend:
 A = Kills in this place as a percentage of kills in entire the game.
 B = Kills by you in this place as a percentage of kills by you in the entire game.
 C = Kills by friends in this place as a percentage of kills by friends in the entire game.
 D = Other kills in this place as a percentage of other kills in the entire game.
 E = Experience gained in this place as a percentage of experience gained in the entire game.
 F = Experience gained in this place divided by the number of levels of this place that you have seen.
                   A       B       C       D       E      F
               +-------+-------+-------+-------+-------+----------------------
         Total | 100.0 | 100.0 |  -nan |  -nan | 100.0 |  76.5
       Dungeon | 100.0 | 100.0 |  -nan |  -nan | 100.0 |  76.5
               +-------+-------+-------+-------+-------+----------------------
